 Dungeon Crawl Stone Soup version 0.28-a0-1182-g381e24db82 (webtiles) character file.

Game seed: 17504308524776695521

95 ChaosChampion the Insei (level 4, 0/28 HPs)
             Began as an Octopode Transmuter on Dec 17, 2021.
             Slain by an orc (1 damage)
             ... on level 2 of the Dungeon.
             The game lasted 00:03:38 (3307 turns).

ChaosChampion the Insei (Octopode Transmuter)       Turns: 3307, Time: 00:03:38

Health: 0/28       AC:  1    Str:  9    XL:     4   Next: 65%
Magic:  4/7        EV: 13    Int: 17    God:
Gold:   66         SH:  0    Dex: 12    Spells: 1/7 levels left

rFire   . . .      SeeInvis .     - Unarmed
rCold   . . .      Faith    .   (no shield)
rNeg    . . .      Spirit   .   (helmet restricted)
rPois   .          Reflect  .   (no amulet)
rElec   .          Harm     .   (no ring)
rCorr   .          Rampage  .   (no ring)
Will    .....                   (no ring)
Stlth   ++........              (no ring)
HPRegen 0.09/turn               (no ring)
MPRegen 0.10/turn               (no ring)
                                (no ring)
                                (no ring)

@: very slightly contaminated
A: almost no armour, amphibious, 8 rings, camouflage 1, gelatinous body 1,
(nimble swimmer 1), tentacles
a: no special abilities


You were on level 2 of the Dungeon.
You visited 1 branch of the dungeon, and saw 3 of its levels.

You collected 66 gold pieces.

Inventory:

Jewellery
 e - a ring of ice
Scrolls
 c - a scroll of enchant weapon {unknown}
 d - 2 scrolls of identify {unknown}
 f - a scroll of blinking {unknown}
 g - a scroll of magic mapping {unknown}
Potions
 a - 2 potions of brilliance {unknown}
 b - a potion of magic {unknown}
 h - a potion of cancellation {unknown}
 i - a potion of mutation {unknown}


   Skills:
 - Level 1.6 Fighting
 - Level 2.3 Dodging
 * Level 3.8 Unarmed Combat
 - Level 2.2 Spellcasting
 + Level 2.7 Transmutations
 * Level 1.9 Poison Magic


You had one spell level left.
You knew the following spells:

 Your Spells              Type           Power      Damage    Failure   Level
a - Beastly Appendage     Tmut           22%        N/A       6%          1
b - Wereblood             Tmut           11%        N/A       10%         2
c - Spider Form           Tmut/Pois      9%         N/A       22%         3

Your spell library contained the following spells:

 Spells                   Type           Power      Damage    Failure   Level
 Poisonous Vapours        Pois/Air       10%        N/A       19%         2
 Corpse Rot               Necr/Air       2%         N/A       28%         2
 Ice Form                 Ice/Tmut       6%         N/A       71%         4


Dungeon Overview and Level Annotations

Branches:
Dungeon (3/15)

Altars:

Shops:
D:1 (


Innate Abilities, Weirdness & Mutations

You cannot wear most types of armour.
You are amphibious.
You can wear up to eight rings at the same time.
Your skin changes colour to match your surroundings (Stealth+).
Your rubbery body absorbs attacks. (AC +1, EV +1)
((You are camouflaged near water. (Stealth+)))
You have tentacles for arms and can constrict up to eight enemies at once.


Message History

The rat bites you. The phantom barely misses you.
You release your grip on the rat.
The rat bites you.
Found an escape hatch in the ceiling.
The rat closely misses you. The rat barely misses you.
There is a stone staircase leading up here.
You climb upwards.
There is a stone staircase leading down here.
You are too injured to fight recklessly!
You are too injured to fight recklessly!
You start resting.
HP restored.
You start waiting.
Done waiting.
You start waiting.
Done waiting.
There is a stone staircase leading down here.
There is a stone staircase leading down here.
You climb downwards.
The phantom hits you!
There is a stone staircase leading up, spattered with blood here.
The orc barely misses you. The orc hits you with a +0 dagger.
The phantom barely misses you.
You climb upwards.
There is a stone staircase leading down here.
The phantom hits you.
The phantom blinks!
You blink.
The orc hits you with a +0 dagger.
* * * LOW HITPOINT WARNING * * *
You barely miss the orc. Your grab misses the orc. The phantom hits you.
* * * LOW HITPOINT WARNING * * *
The orc hits you with a +0 dagger.
* * * LOW HITPOINT WARNING * * *
Casting: Wereblood (safe; 10% risk of failure)
Confirm with . or Enter, or press ? or * to list all spells.
You don't know that spell.
Casting: Wereblood (safe; 10% risk of failure)
Confirm with . or Enter, or press ? or * to list all spells.
The spell is quite dangerous to miscast (22% risk of failure)!
Continue anyway?
You miscast Spider Form.
You are very lightly contaminated with residual magic.
Nothing appears to happen.
The orc hits you with a +0 dagger.
You die...

###.#.#.####.................#
.)...............##.###.##...#
###.###.##..............##.#.#
# #.###.####.#..###.######.#.#
# #.#......................###
# #.###.#######ยง.##.######.#
# #.# #.# #.>##.# #.#
###.###.#### #oo##.######.#
#..........# #.@##........#
#######.##.# #W.########### #
#.##.# #..# # #.##.# #..# #
#.##.####..# #.##.......#
#.##.#####.# ####.# #.#
#.#####.#


You could see a phantom and 2 orcs.

Vanquished Creatures
  2 adders
  3 dart slugs
  4 orcs (D:3)
  4 endoplasms
  6 goblins
  12 hobgoblins
  4 jackals (D:2)
  6 kobolds
  2 quokkas (D:1)
  3 ball pythons
  4 bats
  4 frilled lizards
  7 rats
  A spectral hobgoblin (D:2)
62 creatures vanquished.

Notes
Turn   | Place    | Note
-------+----------+-------------------------------------------
     0 | D:1      | ChaosChampion the Octopode Transmuter began the quest for
                  | the Orb.
     0 | D:1      | Reached XP level 1. HP: 13/13 MP: 3/3
   119 | D:1      | Reached XP level 2. HP: 13/18 MP: 3/5
   124 | D:1      | Learned a level 2 spell: Wereblood
   474 | D:1      | Found Muiz's Antique Weapon Boutique.
   685 | D:1      | Reached XP level 3. HP: 23/23 MP: 2/6
  1099 | D:2      | Learned a level 3 spell: Spider Form
  1575 | D:2      | Reached skill level 1 in Poison Magic
  1655 | D:2      | Found a faded altar of an unknown god.
  1803 | D:2      | Reached XP level 4. HP: 28/28 MP: 3/7
  2777 | D:3      | Noticed a phantom
  3306 | D:2      | HP: 1/28 [orc (1)]
  3307 | D:2      | Slain by an orc

Illustrated notes

Levels and vault maps discovered:
D:1:      minmay_arrival_floating_metal, layout_loops_ring, serial_shops,
          nicolae_shop_overgrown_old_shop, minmay_tromino_i2
D:2:      layout_basic, dreamdust_ecumenical_altar_drowned_temple, minivault_14
D:3:      layout_loops_cross, marbit_many_paths, roderic_roman_lattice,
          hangedman_feature_mirror, grunt_decor_mini_mirrors, uniq_ijyb

Skill      XL: |  1  2  3 |
---------------+----------+-----
Poison Magic   | 1 |  1.9
Fighting       | |  1.6
Dodging        | |  2.3
Unarmed Combat | |  3.8
Spellcasting   | |  2.2
Transmutations | |  2.7

Action                   |  1- 3 |  4- 6 || total
-------------------------+-------+-------++-------
Melee: Unarmed           |    98 |    47 ||   145
       Constrict         |    24 |     9 ||    33
       Tentacles         |    20 |     2 ||    22
       Kick              |    12 |     3 ||    15
       Punch             |     5 |       ||     5
 Cast: Beastly Appendage |    21 |     7 ||    28
       Wereblood         |    13 |     4 ||    17
       Spider Form       |     2 |     5 ||     7
 Stab: Sleeping          |     6 |     4 ||    10
Armor: Skin              |     6 |     4 ||    10
Dodge: Dodged            |    51 |    27 ||    78

Table legend: (Time is in decaauts)
 A = Elapsed time spent in this place.
 B = Non-inter-level travel time spent in this place.
 C = Inter-level travel time spent in this place.
 D = Time resting spent in this place.
 E = Time spent auto-exploring this place.
 F = Levels seen in this place.
 G = Mean time per level.
                   A        B        C        D        E       F      G
               +--------+--------+--------+--------+--------+-----+--------+
         Total |   3299 |   3237 |     62 |    347 |   2306 |   3 | 1099.7 |
       Dungeon |   3299 |   3237 |     62 |    347 |   2306 |   3 | 1099.7 |
               +--------+--------+--------+--------+--------+-----+--------+

Top non-repeatable levels by time:
     D:2: 1597 daAuts
     D:1: 1080 daAuts
     D:3: 621 daAuts
